Unix NetHack Version 3.7.0-102 Work-in-progress - last build Apr 6 2024 13:22:21 (d302a6a9ff6341f1a922d8f5af178406b35fdf99,branch:master). Game began 2024-04-11 08:45:06, ended 2024-04-15 13:53:13. xororand, neutral male human Priest ------ ------- u@"....+ |+..??| B |....| |??..?| |....p |+....| |...d| |.....+ |..... |.?.*.| ----.- |..?..| # # ------- ### #### ##%# ## ### #---.--+------- #|...........)| #|............| #-.....%.....(| -------------- Xororand the Acolyte St:15 Dx:14 Co:14 In:8 Wi:17 Ch:9 Neutral S:1178 Dlvl:4 $:82 HP:0(30) Pw:5(68) AC:7 Xp:5/234 T:2589 Latest messages: You force your runed dagger into a crack and pry. You stop forcing the lock. What do you want to wield? [- apx or ?*] a a - a blessed +1 mace (weapon in right hand). You miss the rabid rat. You hit the rabid rat! The rabid rat bites! You hit the rabid rat. You kill the rabid rat! You hit the dwarf zombie! You hit the dwarf zombie! You destroy the dwarf zombie! The kobold mummy hits! What do you want to zap? [k or ?*] ? What do you want to zap? [k or ?*] Never mind. This door is locked. This door is locked. The kobold mummy hits! The grid bug bites! You get zapped! You kill the grid bug! You miss the kobold mummy. The kobold mummy hits! You hit the kobold mummy! You destroy the kobold mummy! The homunculus bites! You hit the homunculus! You kill the homunculus! You see here a homunculus corpse. You hear a jackal howling at the moon. You miss the grid bug. The grid bug bites! You avoid harm. You miss the grid bug. You kill the grid bug! You see here a statue of a fox. A rock piercer suddenly drops from the ceiling! You are hit by a falling rock piercer! You stumble into a spider web! You disentangle yourself. You kill the grid bug! The giant bat bites! The pony kicks! You die... Do you want your possessions identified? [ynq] (y) n Do you want to see your attributes? [ynq] (y) n Do you want an account of creatures vanquished? [ynaq] (y) n Do you want to see your conduct and achievements? [ynq] (y) n Do you want to see the dungeon overview? [ynq] (y) n Inventory: Coins $ - 82 gold pieces Weapons x - a +0 elven dagger a - a blessed +1 mace (weapon in right hand) Armor A - a +0 orcish helm t - a +0 pair of speed boots (being worn) c - a +0 small shield b - a +0 robe (being worn) Comestibles f - a sprig of wolfsbane Scrolls o - a scroll of enchant armor G - a blessed scroll of food detection r - a scroll of magic mapping v - a scroll of scare monster Potions m - a potion of healing n - a potion of see invisible d - a potion of holy water F - a potion of water Rings C - a ring of conflict z - a ring of teleport control Wands k - a wand of teleportation (0:3) Tools i - a magic marker (0:22) p - a +0 pick-axe Gems/Stones w - a chrysoberyl stone I - a worthless piece of black glass H - a worthless piece of green glass Xororand the Priest's attributes: Background: You were an Acolyte, a level 5 human Priest. You were neutral, nominally on a mission for Odin who was opposed by Tyr (lawful) and Loki (chaotic). You were right-handed. You were in the Dungeons of Doom, on level 4. You entered the dungeon 2589 turns ago. You had 234 experience points, 86 more were needed to attain level 6. Your score was 1178 before end-of-game adjustments. Basics: You had 0 out of 30 hit points. You had 5 out of 68 energy points (spell power). Your armor class was 7. Your wallet contained 82 zorkmids. Autopickup was off. Final Characteristics: Your strength was 15 (limit:18/100). Your dexterity was 14 (limit:18). Your constitution was 14 (limit:18). Your intelligence was 8 (limit:18). Your wisdom was 17 (limit:18). Your charisma was 9 (limit:18). Final Status: You weren't hungry. You were unencumbered. You were wielding a mace. You had basic skill with mace. Final Attributes: You were piously aligned. You were guarded. You were very fast. You are dead. Miscellaneous: You never encountered a bones level. Total elapsed playing time was 2 hours, 22 minutes and 59 seconds. Major events: Turn 1: xororand the neutral human Priest entered the dungeon 695: attained the rank of Acolyte (level 3) 892: entered the Gnomish Mines 2589: killed by a pony Vanquished creatures: a small mimic a shrieker a gnome leader a kobold mummy a kitten 3 dwarves 2 homunculi a rabid rat 2 dwarf zombies 2 iguanas a hobbit a large kobold a giant rat a red mold 10 gnomes 5 jackals 3 goblins 3 sewer rats 5 grid bugs 3 lichens 5 newts 53 creatures vanquished. No species were genocided or became extinct. Voluntary challenges: You were an atheist. You read items or engraved 7 times. You never engraved Elbereth. You never genocided any monsters. You never polymorphed an object. You never changed form. You used no wishes. Achievements: You attained the rank of Acolyte. You entered the Gnomish Mines. You entered a shop. The Dungeons of Doom: levels 1 to 4 Level 1: An altar to Odin. Level 2: Level 3: Stairs down to The Gnomish Mines. Level 4: <- You were here. A scroll shop. Final resting place for you, killed by a pony. The Gnomish Mines: Level 4: Game over: ---------- / \ / REST \ / IN \ / PEACE \ / \ | xororand | | 82 Au | | killed by a pony | | | | | | | | 2024 | *| * * * | * _________)/\\_//(\/(/\)/\//\/|_)_______ Goodbye xororand the Priest... You died in The Dungeons of Doom on dungeon level 4 with 1170 points, and 82 pieces of gold, after 2589 moves. You were level 5 with a maximum of 30 hit points when you died.